 Dungeon Crawl Stone Soup version 0.17-a0-931-g11a8995 (webtiles) character file.

1391 FedoraBrony69 the Thaumaturge (level 8, -5/41 HPs)
             Began as a Deep Elf Conjurer on May 5, 2015.
             Was a Follower of Vehumet.
             Killed by nerve-wracking pain
             ... invoked by Sixotanaka's ghost
              (13 damage)
             ... on level 6 of the Dungeon.
             The game lasted 00:15:40 (4401 turns).

FedoraBrony69 the Thaumaturge (Deep Elf Conjurer)   Turns: 4401, Time: 00:15:40

Health: -5/41      AC:  3    Str:  5    XL:     8   Next: 40%
Magic:  1/22       EV: 13    Int: 23    God:    Vehumet [*.....]
Gold:   242        SH:  0    Dex: 15    Spells: 3 memorised, 14 levels left

rFire  . . .     SeeInvis +     f - +0 spear
rCold  . . .     Clarity  .     a - +0 robe
rNeg   . . .     SustAb   +     (no shield)
rPois  .         Gourm    .     w - +0 helmet
rElec  .         Spirit   .     (no cloak)
rCorr  .         Warding  .     (no gloves)
rMut   .         Stasis   .     (no boots)
MR     .....                    (no amulet)
Stlth  ++........               t - ring of see invisible
                                D - ring of sustain abilities

@: not resistant to hostile enchantments, unstealthy
A: no striking features
a: Renounce Religion


You were on level 6 of the Dungeon.
You worshipped Vehumet.
Vehumet was aware of your devotion.
You were not hungry.

You visited 1 branch of the dungeon, and saw 6 of its levels.

You collected 242 gold pieces.

Inventory:

Hand weapons
 f - a +0 spear (weapon)
Armour
 a - a +0 robe (worn)
 w - a +0 helmet (worn)
Jewellery
 i - an uncursed ring of flight
 t - a ring of see invisible (right hand)
 u - an uncursed ring of see invisible
 v - a cursed ring of ice
 D - a ring of sustain abilities (left hand)
Magical devices
 p - a wand of magic darts (1)
Scrolls
 k - 8 scrolls of identify {unknown}
 n - 3 scrolls of fog {unknown}
 o - 4 scrolls of blinking {unknown}
 q - a scroll of teleportation {unknown}
 r - a scroll of amnesia {unknown}
 y - 3 scrolls of immolation {unknown}
 B - a scroll of noise {unknown}
 C - a scroll of enchant armour {unknown}
 E - a scroll of enchant weapon {unknown}
Potions
 d - a potion of cancellation
 e - 2 potions of flight
 g - 4 potions of curing
 h - 3 potions of lignification {unknown}
 j - 2 potions of might {unknown}
 m - a potion of degeneration {unknown}
 x - a potion of mutation {unknown}
 z - a potion of heal wounds {unknown}
 F - a potion of ambrosia {unknown}
Books
 b - a book of Conjurations

   Spells                             Type                      Level
   a - Magic Dart                     Conjuration                  1
   b - Searing Ray                    Conjuration                  2
   c - Dazzling Spray                 Conjuration/Hexes            3
   d - Fulminant Prism                Conjuration/Hexes            4
   e - Iskenderun's Mystic Blast      Conjuration                  4
   f - Iskenderun's Battlesphere      Conjuration/Charms           5
Comestibles
 c - 3 bread rations
 l - a meat ration
 s - 3 fruits
 A - 2 chunks of flesh


   Skills:
 - Level 2.4 Dodging
 - Level 2.4 Stealth
 + Level 8.5 Spellcasting
 + Level 8.4 Conjurations
 * Level 7.3 Charms


You had 14 spell levels left.
You knew the following spells:

 Your Spells              Type           Power        Failure   Level  Hunger
a - Magic Dart            Conj           ####         1%          1    None
b - Iskenderun's Battles  Conj/Chrm      #####...     10%         5    #####..
c - Iskenderun's Mystic   Conj           #####...     1%          4    ##.....


Dungeon Overview and Level Annotations

Branches:
Dungeon (6/15)
 Temple: D:4-7

Altars:
Dithmenos
Okawaru
Ru
Sif Muna
Trog
Vehumet
Xom
Yredelemnul
The Shining One

Annotations:
D:6 Sixotanaka's ghost, experienced DDNe


Message History

A barrage of energy appears from out of your range of vision.
The barrage of energy hits Sixotanaka's ghost.
Sixotanaka's ghost is almost destroyed.
Sixotanaka's ghost is infused with unholy energy.
* * * LOW HITPOINT WARNING * * *
Sixotanaka's ghost draws life force from you and is healed!
Sixotanaka's ghost casts a spell at you.
You struggle to resist.
There is an open door here.
Casting: Iskenderun's Mystic Blast
Confirm with . or Enter, or press ? or * to list all spells.
Aiming: Iskenderun's Mystic Blast
Press: ? - help, Shift-Dir - straight line, f/p - Sixotanaka's ghost
Aim: Sixotanaka's ghost (severely damaged)
The orb of energy hits Sixotanaka's ghost.
Sixotanaka's ghost is almost destroyed.
The orb of energy explodes!
Sixotanaka's ghost gestures at you while chanting.
Pain shoots through your body!
You die...

..+.......'.+ ...
...#####..##.# .... #....
##..##.# ..... +....
+......+ ......
#....####.###+#.......
#...##.###.#.......
+...W......+.......
#+###+#...##+###+#.......
........@..*.......#+##+#
...................+....'
.#................#....#
#................####.#
#...........[.#+######+#
#+##+##+##...#...#.....
#.....#...+...#.....
+.....'...#...'.....
########...#.#####.##


You could see Sixotanaka's ghost.

Vanquished Creatures
  Grinder (D:5)
  Prince Ribbit (D:5)
  The ghost of FedoraBrony69 the Magician, an average DECj (D:4)
  Menkaure (D:5)
  A sky beast (D:4)
  A black bear (D:6)
  2 scorpions
  A crimson imp (D:5)
  A giant frog skeleton (D:6)
  An iguana (D:5)
  5 worker ants
  A hound skeleton (D:4)
  6 adders
  6 gnolls
  5 worms
  3 orcs
  11 bats
  A bat zombie (D:5)
  4 giant cockroaches
  9 goblins
  7 hobgoblins
  5 jackals
  13 kobolds
  A ball python (D:2)
  4 giant geckos
  5 giant newts
  A jackal zombie (D:5)
  2 quokka skeletons
  12 rats
112 creatures vanquished.

Notes
Turn   | Place    | Note
--------------------------------------------------------------
     0 | D:1      | FedoraBrony69, the Deep Elf Conjurer, began the quest for the Orb.
     0 | D:1      | Reached XP level 1. HP: 10/10 MP: 6/6
   232 | D:1      | Reached XP level 2. HP: 7/15 MP: 5/8
   485 | D:2      | Reached skill level 5 in Conjurations
   550 | D:2      | Reached XP level 3. HP: 10/19 MP: 0/10
   868 | D:2      | Found a bloodstained altar of Trog.
  1048 | D:2      | Reached XP level 4. HP: 24/24 MP: 3/12
  1249 | D:3      | Found a sacrificial altar of Ru.
  1421 | D:3      | Found a radiant altar of Vehumet.
  1422 | D:3      | Found a shimmering altar of Xom.
  1552 | D:3      | Became a worshipper of Vehumet
  1655 | D:4      | Found a basalt altar of Yredelemnul.
  1656 | D:4      | Noticed a profane servitor
  1685 | D:4      | Found a shadowy altar of Dithmenos.
  1740 | D:4      | Noticed a sky beast
  1782 | D:4      | Killed a sky beast
  1782 | D:4      | Reached skill level 5 in Spellcasting
  1782 | D:4      | Reached skill level 6 in Conjurations
  1782 | D:4      | Reached XP level 5. HP: 17/28 MP: 5/14
  2267 | D:4      | Found an iron altar of Okawaru.
  2424 | D:4      | Acquired Vehumet's first power
  2424 | D:4      | Offered knowledge of Freeze by Vehumet.
  2584 | D:4      | Reached XP level 6. HP: 32/32 MP: 10/17
  2591 | D:4      | Learned a level 5 spell: Iskenderun's Battlesphere
  2596 | D:4      | Learned a level 4 spell: Iskenderun's Mystic Blast
  2601 | D:4      | Noticed FedoraBrony69's ghost (average DECj)
  2617 | D:4      | Killed FedoraBrony69's ghost
  2617 | D:4      | Reached skill level 7 in Conjurations
  3039 | D:4      | Found a glowing golden altar of the Shining One.
  3040 | D:4      | Noticed an angel
  3127 | D:5      | Entered Level 5 of the Dungeon
  3397 | D:5      | Reached skill level 1 in Charms
  3404 | D:5      | Reached XP level 7. HP: 36/36 MP: 11/19
  3761 | D:5      | Noticed Grinder
  3763 | D:5      | Paralysed by Grinder for 2 turns
  3777 | D:5      | Killed Grinder
  3922 | D:5      | Noticed Menkaure
  3930 | D:5      | Killed Menkaure
  3930 | D:5      | Reached skill level 5 in Charms
  4019 | D:5      | Noticed Prince Ribbit
  4038 | D:5      | Killed Prince Ribbit
  4038 | D:5      | Reached skill level 8 in Spellcasting
  4038 | D:5      | Reached XP level 8. HP: 36/41 MP: 7/22
  4204 | D:5      | Found a deep blue altar of Sif Muna.
  4380 | D:6      | Noticed Sixotanaka's ghost (experienced DDNe)
  4401 | D:6      | Killed from afar by Sixotanaka's ghost

Action                   |  1- 3 |  4- 6 |  7- 9 || total
-------------------------+-------+-------+-------++-------
Melee: Spear             |     8 |     5 |     1 ||    14
 Cast: Magic Dart        |    72 |   138 |    66 ||   276
       Iskenderun's Myst |       |     2 |    16 ||    18
       Iskenderun's Batt |       |       |     4 ||     4
 Abil: Evoke Flight      |     1 |       |       ||     1
Evoke: Wand              |       |     4 |     1 ||     5
  Use: Potion            |       |     3 |       ||     3
  Eat: Chunk             |       |     8 |     5 ||    13
